 Dungeon Crawl Stone Soup version 0.15.0-23-gc2b521c (console) character file.

28 gw the Skirmisher (level 2, -1/26 HPs)
             Began as a Minotaur Death Knight on Sept 9, 2014.
             Was a Follower of Yredelemnul.
             Slain by gw's ghost (7 damage)
             ... on Level 3 of the Dungeon.
             The game lasted 00:00:56 (1743 turns).

gw the Skirmisher (Minotaur Death Knight)           Turns: 1743, Time: 00:00:56

HP  -1/26        AC 10     Str 17      XL: 2   Next: 96%
MP   2/2         EV  4     Int  8      God: Yredelemnul [*.....]
Gold 0           SH  0     Dex  9      Spells:  0 memorised,  1 level left

rFire  . . .     SeeInvis .     a - +2 mace
rCold  . . .     Clarity  .     h - +0 plate armour
rNeg   . . .     rCorr    .     (no shield)
rPois  .         rRot     .     (helmet restricted)
rElec  .         Spirit   .     (no cloak)
SustAb .         Warding  .     (no gloves)
rMut   .         Stasis   .     (no boots)
Gourm  .                        (no amulet)
MR     .....                    (no ring)
                                (no ring)

@: not resistant to hostile enchantments, extremely unstealthy
A: retaliatory headbutt, horns 2
a: Animate Remains, Renounce Religion


You were on level 3 of the Dungeon.
You worshipped Yredelemnul.
Yredelemnul was aware of your devotion.
You were not hungry.

You visited 1 branch of the dungeon, and saw 3 of its levels.

Inventory:

Hand weapons
 a - a +2 mace (weapon)
Missiles
 d - 111 stones (quivered)
Armour
 h - a +0 plate armour (worn)
Comestibles
 c - 3 bread rations
 f - 3 meat rations
 l - a slice of pizza
Scrolls
 e - a scroll of magic mapping
 i - 2 scrolls of identify
 k - a scroll of remove curse


   Skills:
 + Level 3.0 Fighting
 * Level 2.8 Maces & Flails
 + Level 0.8 Throwing
 + Level 1.9 Armour
 - Level 1.1 Dodging
 + Level 3.0 Invocations


You had one spell level left.
You didn't know any spells.

Dungeon Overview and Level Annotations

Branches:
Dungeon (3/15)

Altars:
Qazlal

Annotations:
D:3 gw's ghost, average FoAK


Innate Abilities, Weirdness & Mutations

You reflexively headbutt those who attack you in melee.
You have a pair of horns on your head.


Message History

ATTACKING (0,-1)
You hit gw's ghost.
Gw's ghost is lightly damaged.
Gw's ghost hits you.
FLEEEEING!
ATTACKING (0,-1)
You hit gw's ghost but do no damage.
Gw's ghost is lightly damaged.
Gw's ghost hits you but does no damage.
FLEEEEING!
ATTACKING (0,-1)
Your plate armour prevents you from hitting gw's ghost.
Gw's ghost hits you but does no damage.
FLEEEEING!
ATTACKING (0,-1)
You hit gw's ghost.
Gw's ghost is lightly damaged.
Gw's ghost hits you! x2
You die...
Your body rises from the dead as a mindless zombie.

#........g....#.#
#.>#######.##.#.#
... #.##.#.# .
#......# ####.#.#
#.#.# #g#.# #.##
#W#.# #....#H#.#
#.....#.#
#.#.###.# #. . #


You could see gw's ghost and a hobgoblin.

Table legend:
 A = Turns spent in this place as a percentage of turns spent in the entire game.
 B = Non-inter-level travel turns spent in this place as a percentage of non-inter-level travel turns spent in the entire game.
 C = Inter-level travel turns spent in this place as a percentage of turns spent in this place.
 D = Turns resting spent in this place as a percentage of non-inter-level travel turns spent in this place.
 E = Turns spent auto-exploring this place as a percentage of non-inter-level travel turns spent in this place.
 F = Non-inter-level travel turns spent in this place divided by the number of levels of this place that you've seen.
                   A       B       C       D       E      F
               +-------+-------+-------+-------+-------+----------------------
         Total | 100.0 | 100.0 |   2.2 |   1.8 |  16.6 | 181.0
       Dungeon | 100.0 | 100.0 |   2.2 |   1.8 |  16.6 | 181.0
               +-------+-------+-------+-------+-------+----------------------

Table legend:
 A = Kills in this place as a percentage of kills in entire the game.
 B = Kills by you in this place as a percentage of kills by you in the entire game.
 C = Kills by friends in this place as a percentage of kills by friends in the entire game.
 D = Other kills in this place as a percentage of other kills in the entire game.
 E = Experience gained in this place as a percentage of experience gained in the entire game.
 F = Experience gained in this place divided by the number of levels of this place that you have seen.
                   A       B       C       D       E      F
               +-------+-------+-------+-------+-------+----------------------
         Total | 100.0 | 100.0 |  -nan |  -nan | 100.0 |  13.3
       Dungeon | 100.0 | 100.0 |  -nan |  -nan | 100.0 |  13.3
               +-------+-------+-------+-------+-------+----------------------

Vanquished Creatures
  An orc (D:3)
  A giant cockroach (D:2)
  5 goblins
  3 hobgoblins
  6 kobolds
  2 quokkas (D:2)
  2 bats (D:1)
  2 giant newts (D:2)
  5 rats
27 creatures vanquished.

Notes
Turn   | Place    | Note
--------------------------------------------------------------
     0 | D:1      | gw, the Minotaur Death Knight, began the quest for the Orb.
     0 | D:1      | Reached XP level 1. HP: 18/18 MP: 1/1
   438 | D:1      | Reached XP level 2. HP: 25/25 MP: 1/1
   814 | D:1      | Gained mutation: You have sharp toenails. [potion of beneficial mutation]
  1068 | D:2      | Reached skill level 3 in Fighting
  1383 | D:2      | Found a stormy altar of Qazlal.
  1442 | D:2      | Lost mutation: You have sharp toenails. [potion of cure mutation]
  1656 | D:3      | Acquired Yredelemnul's second power
  1712 | D:3      | Noticed gw's ghost (average FoAK)
  1743 | D:3      | Slain by gw's ghost

Action                   || total
-------------------------++-------
Melee: Mace              ||    47
Throw: Stone             ||    67
Invok: Injury Mirror     ||     6
       Animate Remains   ||     6
       Recall Undead Sla ||     1
  Use: Scroll            ||     6
       Potion            ||     5
  Eat: Chunk             ||     3

Vault maps used:
D:1:      nicolae_arrival_somewhat_less_tricky_arrival
D:2:      nicolae_qazlal_general_emergency, st_stairs_9
